 Dungeon Crawl Stone Soup version 0.24-a0-762-gca426f56c8 (webtiles) character file.

Game seed: 14415943136001565894, levelgen mode: deterministic

7490 Kohma the Nimble (level 10, -1/51 HPs)
             Began as a Spriggan Venom Mage on Oct 3, 2019.
             Was a Priest of Kikubaaqudgha.
             Slain by a wight
             ... wielding a +2 morningstar of freezing
              (9 damage)
             ... on level 10 of the Dungeon.
             The game lasted 01:04:54 (16202 turns).

Kohma the Nimble (Spriggan Venom Mage)             Turns: 16202, Time: 01:04:55

Health: -1/51      AC:  3    Str:  4      XL:     10   Next: 95%
Magic:  32/32      EV: 25    Int: 21      God:    Kikubaaqudgha [***...]
Gold:   477        SH:  0    Dex: 14 (16) Spells: 12/26 levels left

rFire    . . .     SeeInvis +   a - +1 dagger (holy)
rCold    . . .     Gourm    .   (shield restricted)
rNeg     . . .     Faith    .   l - +0 robe
rPois    .         Spirit   .   (helmet restricted)
rElec    .         Reflect  .   n - +0 cloak
rCorr    .         Harm     .   (gloves unavailable)
MR       +....                  (boots unavailable)
Stlth    +++++.....             (no amulet)
HPRegen  0.17/turn              g - ring of magical power
MPRegen  0.23/turn              d - ring of stealth

@: drained, very quick
A: very small, unfitting armour, see invisible, herbivore, speed 3, slow
metabolism 2
a: Receive Corpses, Renounce Religion


You were on level 10 of the Dungeon.
You worshipped Kikubaaqudgha.
Kikubaaqudgha was most pleased with you.
You were very hungry.

You visited 2 branches of the dungeon, and saw 11 of its levels.

You collected 553 gold pieces.
You spent 76 gold pieces at shops.

Inventory:

Hand Weapons
 a - a +1 dagger of holy wrath (weapon)
 b - a +0 hunting sling of flaming
 p - a +1 long sword of flaming
 r - a +1 short sword of speed
 C - a +0 dagger
 H - a +0 dagger of draining
 M - a cursed +5 falchion
Missiles
 e - 63 bolts
 m - 189 stones (quivered)
 s - 101 arrows
 v - 2 throwing nets
 x - 18 sling bullets
Armour
 l - a +0 robe (worn)
 n - a +0 cloak (worn)
Jewellery
 d - a ring of stealth (right hand)
 g - a ring of magical power (left hand)
 t - an uncursed ring of ice
 y - a +5 ring of slaying {unknown}
Scrolls
 j - 7 scrolls of remove curse
 o - 4 scrolls of fog
 u - 7 scrolls of teleportation
 J - 5 scrolls of identify
 K - 3 scrolls of enchant armour {unknown}
Potions
 c - a potion of berserk rage {unknown}
 f - 3 potions of curing
 h - 3 potions of brilliance
 i - 4 potions of might
 k - a potion of invisibility
 q - 2 potions of heal wounds
 w - a potion of lignification
 z - 3 potions of magic
 A - a potion of haste
 B - 2 potions of cancellation
 D - a potion of mutation {unknown}
 E - a potion of agility {unknown}
 F - 2 potions of ambrosia
 G - 2 potions of resistance {unknown}
 L - 3 potions of flight {unknown}
Comestibles
 I - 2 rations


   Skills:
 - Level 5.0(4.2) Fighting
 * Level 11.5(10.7) Dodging
 - Level 10.0(9.2) Stealth
 + Level 8.6(7.8) Spellcasting
 - Level 4.0(3.3) Conjurations
 - Level 4.0(3.3) Necromancy
 - Level 2.0(1.3) Air Magic
 + Level 7.3(6.5) Poison Magic


You had 12 spell levels left.
You knew the following spells:

 Your Spells              Type           Power        Failure   Level  Hunger
a - Sting                 Conj/Pois      ####         1%          1    None
b - Poisonous Vapours     Pois/Air       ###...       2%          2    None
c - Mephitic Cloud        Conj/Pois/Air  ###.....     5%          3    None
d - Olgreb's Toxic Radia  Pois           #####...     5%          4    ###....
e - Animate Skeleton      Necr           N/A          1%          1    None
f - Vampiric Draining     Necr           ###.......   6%          3    None

Your spell library contained the following spells:

 Spells                   Type           Power        Failure   Level  Hunger
 Pain                     Necr           ###.         1%          1    None
 Sublimation of Blood     Necr           ###.......   3%          2    None
 Venom Bolt               Conj/Pois      ####......   30%         5    #####..


Dungeon Overview and Level Annotations

Branches:
Dungeon (10/15)            Temple (1/1) D:7             Orc (0/2) D:9
   Lair: D:8-11

Altars:
Ashenzari
Cheibriados
Dithmenos
Elyvilon
Fedhas
Gozag
Hepliaklqana
Kikubaaqudgha
Makhleb
Nemelex Xobeh
Okawaru
Qazlal
Ru
Sif Muna
Trog
Uskayaw
Vehumet
Wu Jian
Xom
Yredelemnul
Zin
The Shining One

Shops:
D:5 *

Annotations:
D:5 Menkaure
D:8 exclusion: hungry ghost


Innate Abilities, Weirdness & Mutations

You are very small and have problems with some larger weapons.
You are too small for most types of armour.
You have supernaturally acute eyesight. (SInv)
You are a herbivore.
You cover ground extremely quickly.
You need to consume almost no food.


Message History

You destroy the wight!
Kikubaaqudgha accepts your kill. The wight completely misses you.
You hit the wight but do no damage. The wight misses you. x2
You hit the wight but do no damage. The wight misses you.
You hit the wight but do no damage. The wight barely misses you.
The wight closely misses you.
You hit the wight.
The wight convulses.
The wight is moderately damaged.
The wight completely misses you. x2
You hit the wight but do no damage.
The wight is moderately damaged.
The wight closely misses you.
You hit the wight but do no damage.
The wight is moderately damaged.
The wight hits you from afar with a cursed +5 halberd!
* * * LOW HITPOINT WARNING * * *
The wight hits you with a +2 morningstar of freezing!
You die...
Kikubaaqudgha rasps: "You have failed me!
Welcome... death!"

#.............##....z......#
##########'######...########
###....# ###.......##
#..Z#### #.........#
####Z############.........#
#...ZZ.......##.'.........#
#.)..%.......#zz#.........#
###.)..........#z##.........#
..%......<.....#@##.........+
.##............'.##.........#
###............##############
#............# ##############


You could see 3 wights.

Vanquished Creatures
  Harold (D:9)
  A two-headed ogre (D:9)
  A queen ant (shapeshifter) (D:9)
  An ugly thing (D:7)
  Joseph (D:8)
  2 hippogriffs
  A wyvern (D:8)
  A yak (D:10)
  A water moccasin (D:6)
  Duvessa (D:5)
  A porcupine (D:10)
  6 orc warriors
  An ice beast (D:9)
  An ogre (D:3)
  A sky beast (D:9)
  A phantom (D:9)
  2 centaurs
  A crocodile (D:9)
  7 bullfrogs
  5 scorpions
  Dowan (D:5)
  8 killer bees
  A wight (D:10)
  2 howler monkeys (D:7)
  2 crimson imps
  A quasit (D:10)
  A centaur skeleton (D:10)
  2 jellies
  6 orc priests
  4 hounds
  11 orc wizards
  4 gnoll shamans (D:3)
  A bullfrog skeleton (D:6)
  An iguana (D:7)
  4 worker ants
  A hound skeleton (D:7)
  33 gnolls (D:3)
  12 adders
  A shadow imp (D:7)
  An ooze (D:7)
  2 adder zombies
  An adder skeleton (D:4)
  4 worms
  A dart slug (D:5)
  5 leopard geckos
  38 orcs
  7 giant cockroaches
  2 gnoll zombies (D:9)
  6 goblins
  7 hobgoblins
  28 jackals
  6 quokkas
  A ball python (D:4)
  9 bats
  A frilled lizard (D:2)
  A giant cockroach zombie (D:6)
  7 kobolds
  7 rats
267 creatures vanquished.

Vanquished Creatures (collateral kills)
  A wight (D:10)
  An orc (D:9)
2 creatures vanquished.

Vanquished Creatures (others)
  29 fungi (D:10)
  2 plants (D:10)
31 creatures vanquished.

Grand Total: 300 creatures vanquished

Notes
Turn   | Place    | Note
-------+----------+-------------------------------------------
     0 | D:1      | Kohma the Spriggan Venom Mage began the quest for the Orb.
     0 | D:1      | Reached XP level 1. HP: 9/9 MP: 5/5
   322 | D:1      | Reached XP level 2. HP: 13/13 MP: 4/6
   326 | D:1      | Learned a level 2 spell: Poisonous Vapours
   419 | D:1      | Reached skill level 1 in Conjurations
  1133 | D:2      | Reached XP level 3. HP: 16/16 MP: 0/8
  1138 | D:2      | Learned a level 3 spell: Mephitic Cloud
  1415 | D:2      | Found a stormy altar of Qazlal.
  1849 | D:2      | Reached XP level 4. HP: 21/21 MP: 4/9
  2613 | D:3      | Found a snail-covered altar of Cheibriados.
  3025 | D:3      | Reached XP level 5. HP: 24/24 MP: 7/10
  3031 | D:3      | Learned a level 4 spell: Olgreb's Toxic Radiance
  3957 | D:3      | Reached skill level 5 in Poison Magic
  3996 | D:3      | Reached skill level 1 in Air Magic
  4186 | D:3      | Reached skill level 4 in Dodging
  4379 | D:3      | HP: 1/24 [gnoll shaman/+0 whip (7)]
  4672 | D:3      | Reached XP level 6. HP: 21/28 MP: 2/11
  5114 | D:3      | Reached skill level 5 in Stealth
  5340 | D:3      | Reached skill level 5 in Dodging
  5594 | D:3      | Reached XP level 7. HP: 16/32 MP: 3/13
  5807 | D:3      | Reached skill level 1 in Fighting
  6648 | D:4      | Found a hazy altar of Hepliaklqana.
  6802 | D:4      | Found a white marble altar of Elyvilon.
  7022 | D:5      | Entered Level 5 of the Dungeon
  7041 | D:5      | Found Deacs's Assorted Antiques.
  7063 | D:5      | Bought 2 coppery potions for 37 gold pieces
  7063 | D:5      | Bought a scroll labeled KIYDOME TAEHUC for 21 gold pieces
  7063 | D:5      | Bought a fizzy sapphire potion for 18 gold pieces
  7672 | D:5      | Noticed Menkaure
  8262 | D:5      | Noticed Duvessa
  8281 | D:5      | Noticed Dowan
  8323 | D:5      | Killed Dowan
  8323 | D:5      | Reached skill level 6 in Dodging
  8351 | D:5      | Killed Duvessa
  8723 | D:6      | Reached XP level 8. HP: 7/39 MP: 15/15
  9181 | D:6      | Reached skill level 5 in Spellcasting
  9799 | D:6      | Reached skill level 7 in Dodging
  9844 | D:6      | Found a glowing silver altar of Zin.
 10491 | D:7      | Found a staircase to the Ecumenical Temple.
 10501 | Temple   | Entered the Ecumenical Temple
 10561 | Temple   | Became a worshipper of Kikubaaqudgha
 10721 | D:7      | Found a shimmering blue altar of Sif Muna.
 10834 | D:7      | Found a shadowy altar of Dithmenos.
 10994 | D:7      | Noticed a hippogriff
 11010 | D:7      | Reached skill level 8 in Dodging
 11296 | D:7      | Killed a hippogriff
 11296 | D:7      | Reached XP level 9. HP: 36/44 MP: 19/19
 11495 | D:7      | Reached * piety under Kikubaaqudgha
 11495 | D:7      | Identified Kikubaaqudgha's Compendium of Evil Secrets
                  | (Kikubaaqudgha gifted it to you on level 7 of the Dungeon)
 11495 | D:7      | Received a gift from Kikubaaqudgha
 11502 | D:7      | Learned a level 1 spell: Animate Skeleton
 11525 | D:7      | Noticed a white ugly thing
 11576 | D:7      | Killed a white ugly thing
 11576 | D:7      | Reached skill level 1 in Necromancy
 12527 | D:8      | Reached skill level 9 in Dodging
 12730 | D:8      | Found an iron altar of Okawaru.
 12731 | D:8      | Found a blossoming altar of Fedhas.
 12787 | D:8      | Found an opulent altar of Gozag.
 13296 | D:8      | Noticed Joseph
 13314 | D:8      | Killed Joseph
 13314 | D:8      | Reached ** piety under Kikubaaqudgha
 13845 | D:9      | Found a staircase to the Orcish Mines.
 13852 | D:9      | Reached XP level 10. HP: 50/51 MP: 22/22
 14016 | D:9      | Found a glowing golden altar of the Shining One.
 14323 | D:9      | Learned a level 3 spell: Vampiric Draining
 14343 | D:9      | Found a basalt altar of Yredelemnul.
 14368 | D:9      | Noticed a two-headed ogre
 14398 | D:9      | Killed a two-headed ogre
 14398 | D:9      | Reached skill level 10 in Dodging
 14534 | D:9      | Noticed Harold
 14574 | D:9      | Killed Harold
 14759 | D:9      | Found a burning altar of Makhleb.
 14805 | D:9      | Reached skill level 5 in Fighting
 14880 | D:9      | Noticed an alligator
 14900 | D:9      | Noticed an anaconda
 14900 | D:9      | an alligator changed into an anaconda
 14902 | D:9      | Noticed a two-headed ogre
 14902 | D:9      | an anaconda changed into a two-headed ogre
 14940 | D:9      | Noticed a queen ant
 14957 | D:9      | Killed a queen ant
 14957 | D:9      | Reached skill level 10 in Stealth
 15257 | D:9      | Found a basalt altar of Yredelemnul.
 15293 | D:9      | Reached skill level 11 in Dodging
 15603 | D:10     | Entered Level 10 of the Dungeon
 15960 | D:10     | Reached *** piety under Kikubaaqudgha
 15960 | D:10     | Identified Kikubaaqudgha's Collected Works on Dark Arts
                  | (Kikubaaqudgha gifted it to you on level 10 of the Dungeon)
 15960 | D:10     | Received a gift from Kikubaaqudgha
 16202 | D:10     | Slain by a wight

Levels and vault maps discovered:
D:1:      matt_arrival_grand_opening, layout_basic, minmay_misc_feat_chi
D:2:      layout_loops_ring, grunt_qazlal_sundering, first_ration,
          minmay_misc_feat_doors
D:3:      lemuel_castle_with_subvaults [lemuel_castle_interior_carwin_3],
          layout_loops_corners, nicolae_overflow_crystal_walls,
          serial_bayou_pond_b
D:4:      layout_rooms, elyvilon_altar_1, lemuel_altar_in_water
D:5:      layout_basic, kennysheep_diamond, uniq_menkaure, uniq_duvessa
D:6:      layout_basic, zin_statuary
D:7:      layout_basic, led_sif_book, nicolae_dithmenos_through_a_glass_darkly,
          minmay_temple_entry_arrows
D:8:      layout_basic, nicolae_gozag_seed_capital, grunt_temple_overflow_open,
          uniq_joseph
D:9:      layout_stronghold, old_standard_altar, lightli_temple_of_fire,
          lemuel_zombie_altar_yredelemnul, david_orc_3, basic_altar, uniq_harold
D:10:     layout_roguey, due_lair_maze_entry_diamond
Temple:   jpeg_temple_alley_garden

Skill      XL: |  1  2  3  4  5  6  7  8  9 10 |
---------------+-------------------------------+-----
Conjurations   | 1 2 4 |  4.0
Spellcasting   | 3 4 6 7 8 |  8.6
Poison Magic   | 4 5 6 7 |  7.3
Air Magic      | 1 2 |  2.0
Dodging        | 4 5 6 8 9 11 | 11.5
Stealth        | 4 5 6 7 10 | 10.0
Fighting       | 2 3 4 5 |  5.0
Necromancy     | 3 4 |  4.0

Action                   |  1- 3 |  4- 6 |  7- 9 | 10-12 || total
-------------------------+-------+-------+-------+-------++-------
Melee: Dagger            |     1 |    23 |    58 |    29 ||   111
 Fire: Hunting sling     |       |    13 |   431 |   100 ||   544
Throw: Stone             |       |    58 |       |       ||    58
 Cast: Sting             |    71 |    24 |    39 |     3 ||   137
       Poisonous Vapours |     2 |   111 |    84 |    98 ||   295
       Mephitic Cloud    |       |       |    16 |     6 ||    22
       Olgreb's Toxic Ra |       |       |     8 |     1 ||     9
       Animate Skeleton  |       |       |     7 |    15 ||    22
  Use: Scroll            |       |       |    19 |       ||    19
       Potion            |       |       |     2 |       ||     2
 Stab: Sleeping          |     1 |       |     1 |       ||     2
  Eat: Ration            |       |     3 |     6 |       ||     9
Armor: Robe              |     1 |     4 |    28 |     3 ||    36
Dodge: Dodged            |     8 |    36 |   281 |   121 ||   446

Table legend:
 A = Non-vault XP
 B = Vault XP
 C = Vault XP percentage of total XP
 D = Non-vault monster count
 E = Vault monster count
 F = Vault count percentage of total count
                 A         B        C        D         E       F
            +---------+---------+-------+---------+---------+-------
      Total |    7428 |    3273 |  30.6 |     196 |      73 |  27.1
            +---------+---------+-------+---------+---------+-------
        D:1 |      30 |       0 |   0.0 |      20 |       0 |   0.0
        D:2 |      92 |       0 |   0.0 |      24 |       0 |   0.0
        D:3 |      69 |     782 |  91.9 |      18 |      55 |  75.3
        D:4 |      65 |       0 |   0.0 |       5 |       0 |   0.0
        D:5 |     146 |     216 |  59.7 |      17 |       2 |  10.5
        D:6 |     686 |       0 |   0.0 |      23 |       0 |   0.0
        D:7 |    1718 |      80 |   4.4 |      30 |       2 |   6.2
        D:8 |    1150 |     460 |  28.6 |      21 |       1 |   4.5
        D:9 |    2856 |    1177 |  29.2 |      23 |       8 |  25.8
       D:10 |     616 |     558 |  47.5 |      15 |       5 |  25.0
            +---------+---------+-------+---------+---------+-------
